 Dungeon Crawl Stone Soup version 0.26.1-10-gdfb7c7de75 (webtiles) character file.

Game seed: 10532848675831653785

66 diana the Skirmisher (level 3, -3/30 HPs)
             Began as a Demonspawn Gladiator on Apr 11, 2021.
             Slain by a gnoll
             ... wielding a +0 whip
              (8 damage)
             ... on level 2 of the Dungeon.
             The game lasted 00:02:08 (2166 turns).

diana the Skirmisher (Demonspawn Gladiator)         Turns: 2166, Time: 00:02:09

Health: -3/30      AC:  8    Str: 15    XL:     3   Next: 96%
Magic:  3/3        EV: 12    Int:  9    God:
Gold:   59         SH:  0    Dex: 14    Spells: 2/2 levels left

rFire    . . .     SeeInvis .   a - +0 long sword
rCold    . . .     Faith    .   (no shield)
rNeg     . . .     Spirit   .   b - +0 leather armour
rPois    .         Reflect  .   c - +0 helmet
rElec    .         Harm     .   e - +0 cloak
rCorr    .         Rampage  .   (no gloves)
Will     .....                  (no boots)
Stlth    +.........             (no amulet)
HPRegen  0.10/turn              (no ring)
MPRegen  0.08/turn              (no ring)

@: no status effects
A: icy blue scales 2
a: no special abilities


You were on level 2 of the Dungeon.
You visited 1 branch of the dungeon, and saw 3 of its levels.

You collected 59 gold pieces.

Inventory:

Hand Weapons
 a - a +0 long sword (weapon)
Missiles
 d - 3 throwing nets (quivered)
Armour
 b - a +0 leather armour (worn)
 c - a +0 helmet (worn)
 e - a +0 cloak (worn)
Scrolls
 h - 3 scrolls of identify {unknown}
 j - a scroll of blinking {unknown}
 n - 2 scrolls of amnesia {unknown}
 p - a scroll of teleportation {unknown}
 r - a scroll of enchant armour {unknown}
 t - a scroll of enchant weapon {unknown}
 u - 2 scrolls of remove curse {unknown}
Potions
 f - a potion of brilliance {unknown}
 g - a potion of degeneration {unknown}
 i - a potion of ambrosia {unknown}
 k - a potion of attraction {unknown}
 l - 3 potions of curing {unknown}
 m - a potion of might {unknown}
 o - a potion of lignification {unknown}
 q - a potion of haste {unknown}
 s - 2 potions of magic {unknown}


   Skills:
 * Level 3.7 Fighting
 + Level 3.3 Long Blades
 - Level 1.7 Throwing
 - Level 2.6 Dodging


You had 2 spell levels left.
You didn't know any spells.
Your spell library was empty.

Dungeon Overview and Level Annotations

Branches:
Dungeon (3/15)

Altars:
Cheibriados
Dithmenos
Elyvilon
Hepliaklqana
Nemelex Xobeh
Yredelemnul
Zin


Innate Abilities, Weirdness & Mutations

You are mostly covered in icy blue scales. (AC +3)


Message History

You are too injured to fight recklessly!
You are too injured to fight recklessly!
You are too injured to fight recklessly!
You are too injured to fight recklessly!
You are too injured to fight recklessly!
You are too injured to fight recklessly!
You are too injured to fight recklessly!
You closely miss the gnoll. The gnoll hits you with a +0 whip.
* * * LOW HITPOINT WARNING * * *
Unknown command.
There is a stone staircase leading up here.
The gnoll closely misses you.
You climb upwards.
There is a stone staircase leading down here.
You hit the gnoll.
The gnoll is heavily wounded.
The gnoll closely misses you. The gnoll hits you with a +0 whip.
* * * LOW HITPOINT WARNING * * *
The gnoll hits you with a +0 whip!
You die...

##...##.....#....
##.....##....#....
###.......#....####.
#....._...#.........
###########
#)#.......##.#####..
#.........##
#.##.....###.##.....
#.####.....###.###...##
#....##.#
#.##...........#######
#.#####.#
#.#.............@...#
#.......#
#.##........#####g..#
########. #.##.#.....##
##.## ##. #.........## #.#
#.. ####...#### ##.## #..
##.###.## ##...#### #..
#.## ##.# ####.###.>.####
#.. #.# #.####....#
#......# #.. #.##
##.#.....#.###.#.##.#####..


You could see a gnoll.

Vanquished Creatures
  A gnoll (D:3)
  An adder (D:2)
  A worm (D:2)
  A dart slug (D:2)
  2 leopard geckos
  A giant cockroach (D:2)
  2 gnoll zombies (D:2)
  4 goblins
  7 hobgoblins
  9 bats
  3 frilled lizards
  3 kobolds
  7 rats
42 creatures vanquished.

Notes
Turn   | Place    | Note
-------+----------+-------------------------------------------
     0 | D:1      | diana the Demonspawn Gladiator began the quest for the Orb.
     0 | D:1      | Reached XP level 1. HP: 16/16 MP: 1/1
   505 | D:1      | Gained mutation: You are partially covered in icy blue
                  | scales. (AC +2) [demonic ancestry]
   505 | D:1      | Reached XP level 2. HP: 21/23 MP: 2/2
  1128 | D:2      | Gained mutation: You are mostly covered in icy blue scales.
                  | (AC +3) [demonic ancestry]
  1128 | D:2      | Reached XP level 3. HP: 29/29 MP: 3/3
  1209 | D:2      | Found a glowing silver altar of Zin.
  1740 | D:2      | Found a white marble altar of Elyvilon.
  1740 | D:2      | Found a hazy altar of Hepliaklqana.
  1748 | D:2      | Found a snail-covered altar of Cheibriados.
  1750 | D:2      | Found a shadowy altar of Dithmenos.
  1876 | D:2      | Found a sparkling altar of Nemelex Xobeh.
  2058 | D:2      | Found a basalt altar of Yredelemnul.
  2166 | D:2      | Slain by a gnoll

Illustrated notes

Levels and vault maps discovered:
D:1:      dpeg_arrival_triangle_fractal, layout_basic
D:2:      layout_loops_cross, chequers_temple_overflow_minitemple,
          lemuel_zombie_altar_yredelemnul, lemuel_round_altar
D:3:      layout_loops_ring, ebering_ghost_rock_garden,
          nicolae_qazlal_eye_of_the_storm

Skill      XL: |  1  2 |
---------------+-------+-----
Long Blades    | 3 |  3.3
Fighting       | 3 |  3.7
Throwing       | |  1.7
Dodging        | |  2.6

Action                   || total
-------------------------++-------
Melee: Long sword        ||   114
 Stab: Sleeping          ||     1
Armor: Leather armour    ||    44
Dodge: Dodged            ||    74
       Rpst.: Long sword ||    26
